 Dungeon Crawl Stone Soup version 0.32-a0-913-g739538afd8 (webtiles) character file.

Game seed: 14295494271085492824

1844699 icebreaker629 the Conqueror (level 27, 199/199 HPs)
             Began as a Gargoyle Fighter on Apr 8, 2024.
             Was a High Priest of Trog.
             Escaped with the Orb
             ... and 3 runes!
             The game lasted 04:47:42 (57851 turns).

icebreaker629 the Conqueror (Gargoyle Fighter)     Turns: 57851, Time: 04:47:42

Health: 199/199    AC: 74    Str: 39    XL:     27
Magic:  8/23       EV:  8    Int: 13    God:    Trog [*****.]
Gold:   1906       SH: 30    Dex:  9    Spells: 26/26 levels left

rFire   + + .        l - +10 eveningstar "Ultimatum" {flame, Will+ Str+4}
rCold   + . .        E - +8 tower shield
rNeg    + + .        C - +15 plate armour of Calculation {+Inv SInv}
rPois   ∞            q - +2 helmet "Liocen" {Will+ Str+3}
rElec   +            o - +2 cloak
rCorr   .            g - +1 pair of gloves "Vonippur" {rN+ Regen+}
SInv    +            X - +2 pair of boots
Will    +++++        s - amulet of Vitality {Regen++ RegenMP++}
Stlth   +            L - ring of protection from fire
HPRegen 2.93/turn    R - ring "Kystrol" {rF+ Will+ Int+2}
MPRegen 0.98/turn

%: no passive effects
@: flying, studying 3 skills
A: sickness immunity, AC +20, big wings, negative energy resistance 1,
electricity resistance, torment resistance 1, petrification resistance,
iridescent scales 1, cold resistance 1, strong-willed 1, evolution 1, inability
to read after injury 1
0: Orb of Zot
}: 3/15 runes: serpentine, barnacled, silver
a: Renounce Religion, Evoke Invisibility, Berserk, Trog's Hand, Brothers in Arms


You escaped.
You worshipped Trog.
Trog was extremely pleased with you.
You visited 11 branches of the dungeon, and saw 49 of its levels.
You visited the Abyss 1 time.
You also visited: Bailey and Gauntlet.

You collected 7008 gold pieces.
You spent 5102 gold pieces at shops.

Inventory:

Hand Weapons
 l - the +10 eveningstar "Ultimatum" (weapon) {flame, Will+ Str+4}
   (You acquired it on level 5 of the Dungeon)

   Str+4:     It affects your strength (+4).
   Will+:     It increases your willpower.
 u - a +9 antimagic demon whip
 A - the +9 morningstar of Ruination {holy, SInv}
   (You acquired it on level 4 of the Dungeon)

   SInv:      It lets you see invisible.
Missiles
 M - 4 javelins
 T - 14 silver javelins (quivered)
Armour
 g - the +1 pair of gloves "Vonippur" (worn) {rN+ Regen+}
   (You acquired it on level 3 of the Lair of Beasts)

   rN+:       It protects you from negative energy.
   Regen+:    It increases your rate of health regeneration.
 o - a +2 cloak (worn)
 q - the +2 helmet "Liocen" (worn) {Will+ Str+3}
   (You found it on level 3 of the Elven Halls)

   Str+3:     It affects your strength (+3).
   Will+:     It increases your willpower.
 C - the +15 plate armour of Calculation (worn) {+Inv SInv}
   (You bought it in a shop on level 1 of the Depths)

   SInv:      It lets you see invisible.
   +Inv:      It lets you turn invisible.
 E - a +8 tower shield (worn)
 X - a +2 pair of boots (worn)
Jewellery
 s - the amulet of Vitality (around neck) {Regen++ RegenMP++}
   (You found it in a Gauntlet)

   [amulet of nothing]

   Regen++:   It increases your rate of health regeneration.
   RegenMP++: It increases your rate of magic regeneration.
 v - the ring "Recle Zosm" {Str+3 Dex+3 Slay+4 Stlth+}
   (You found it on level 4 of the Shoals)

   [ring of slaying]

   Str+3:     It affects your strength (+3).
   Dex+3:     It affects your dexterity (+3).
   Slay+4:    It affects your accuracy & damage with ranged weapons and melee
   (+4).
   Stlth+:    It makes you more stealthy.
 D - a ring of protection from cold
 F - a ring of resist corrosion
 I - a +5 ring of evasion
 L - a ring of protection from fire (left hand)
 O - a +4 ring of protection
 P - a +6 ring of dexterity
 R - the ring "Kystrol" (right hand) {rF+ Will+ Int+2}
   (You bought it in a shop on level 2 of the Orcish Mines)

   [ring of protection from fire]

   Int+2:     It affects your intelligence (+2).
   rF+:       It protects you from fire.
   Will+:     It increases your willpower.
 U - an amulet of the acrobat
Wands
 h - a wand of warping (22)
 i - a wand of quicksilver (15)
 y - a wand of digging (25)
 N - a wand of polymorph (20)
 V - a wand of flame (74)
 W - a wand of charming (52)
 Z - a wand of mindburst (22)
Scrolls
 a - 3 scrolls of silence
 c - 5 scrolls of enchant weapon
 e - 5 scrolls of noise
 j - 11 scrolls of fear
 n - 12 scrolls of fog
 r - 5 scrolls of vulnerability
 x - 7 scrolls of immolation
 B - 3 scrolls of poison
 G - 8 scrolls of teleportation
 Q - 2 scrolls of butterflies
 S - a scroll of revelation
 Y - 28 scrolls of identify
Potions
 b - 8 potions of invisibility
 d - 7 potions of might
 f - 13 potions of lignification
 k - 5 potions of heal wounds
 m - 8 potions of attraction
 p - 27 potions of curing
 w - 6 potions of haste
 z - 3 potions of cancellation
 H - 5 potions of magic
 J - 3 potions of resistance
 K - 5 potions of mutation


   Skills:
 O Level 27 Fighting
 + Level 22.0 Maces & Flails
 + Level 16.7 Throwing
 + Level 25.4 Armour
 - Level 16.8 Stealth
 + Level 25.2 Shields


You had 26 spell levels left.
You didn't know any spells.
Your spell library contained the following spells:

 Spells                   Type           Power      Damage    Failure   Level
 Static Discharge         Conj/Air       0%         3-3/arc   75%         2
 Airstrike                Air            0%         2d(0-16)  100%        4
 Summon Lightning Spire   Summ/Air       0%         N/A       100%        4


Dungeon Overview and Level Annotations

Branches:
Dungeon (15/15)            Temple (1/1) D:4            Lair (5/5) D:10
 Shoals (4/4) Lair:2        Snake (4/4) Lair:3        Slime (0/5) Lair:4
    Orc (2/2) D:12            Elf (3/3) Orc:2        Vaults (5/5) D:14
  Crypt (1/3) Vaults:2     Depths (4/4) D:15            Zot (5/5) Depths:4
 Bailey (visited)         Gauntlet (visited)

Altars:
Ashenzari
Cheibriados
Dithmenos
Elyvilon
Fedhas
Gozag
Hepliaklqana
Kikubaaqudgha
Makhleb
Nemelex Xobeh
Okawaru
Qazlal
Ru
Sif Muna
Trog
Uskayaw
Vehumet
Wu Jian
Xom
Yredelemnul
Zin
The Shining One
Beogh

Shops:
D:8 *   D:12 (   Orc:1 :   Orc:2 (=*[   Elf:1 (   Elf:3 ::   Shoals:3 *
Snake:1 :?   Snake:2 [   Snake:3 **   Snake:4 (   Vaults:2 !   Depths:1 [
Depths:2 [

Portals:
Hell: Depths:1 Depths:2 Depths:3 Depths:4
Abyss: Depths:3
Pandemonium: Depths:2 Depths:3
Ziggurat: Depths:2

Annotations:
D:3 3 runed translucent doors, GreedOfGod's ghost, amateur DsBe
D:7 exclusion: downstairs


Innate Abilities, Weirdness & Mutations

You are immune to sickness and miasma.
Your stone body is resilient. (AC +20)
You are immune to poison.
Your large and strong wings let you fly.
You resist negative energy. (rN+)
You are resistant to electric shocks. (rElec)
You are resistant to unholy torment.
You are immune to petrification.
You are partially covered in iridescent scales. (AC +2)
Your flesh is cold resistant. (rC+)
You are strong-willed. (Will+)
You have hidden genetic potential.
You occasionally lose the ability to read scrolls when taking damage.


Message History

Press: ? - help, v - describe, . - travel The floor.
This square is covered in magical glow.
Blink to where?
Press: ? - help, Dir - move target A sun demon and a rat come into view.
As you read the scroll of blinking, it crumbles to dust.
The sun demon shouts!
You feel yourself speed up. You block the sun demon's attack.
You block the rat's attack.
Dorunt blinks!
The rat attacks as it pursues you! You block the rat's attack.
There is an open door here.
There is an escape hatch in the ceiling here.
A mysterious force pulls you upwards. The hatch slams shut behind you.
What level of the Dungeon? (default 1, ? - help)
Okay, then.
What level of the Dungeon? (default 1, ? - help)
An orange demon comes into view.
The orange demon screeches!
You thrash the orange demon!!
The orange demon is heavily wounded.
The orange demon stings you but does no damage.
You block the orange demon's attack.
You thrash the orange demon!!
The orange demon is almost dead.
You thrash the orange demon!!
You kill the orange demon!
Trog accepts your kill.
There is an open door here.
Your extra speed is starting to run out.
A large abomination comes into view.
You feel yourself slow down.
There is a staircase leading out of the dungeon here.
You feel magic returning to you.
You feel stronger.
The +10 eveningstar "Ultimatum" {flame, Will+ Str+4} bursts into flame!
l - the +10 eveningstar "Ultimatum" (weapon)
{flame, Will+ Str+4} You can't go down here!
You have escaped!

....# ♣PP.P.♣
....# ♣♣.♣♣♣X♣
....# ♣♣P.P♣♣.♣
...## ♣♣♣....P♣.♣
..#### ♣....⌠.♣♣.♣
#....# ♣.♣.....♣.♣
####.##♣.♣P♣P....♣
#..#♣.♣♣♣♣♣...♣
##.'.........@♣
###♣♣♣♣♣♣♣♣♣♣♣


You could see a large abomination.

Vanquished Creatures
  2 dread liches
  3 orbs of fire
  4 ancient liches
  A juggernaut (Depths:3)
  Sojobo (Vaults:5)
  Bai Suzhen (Snake:3)
  Vashnia (Snake:3)
  Saint Roka (Elf:2)
  Boris (twice) (Vaults:2 Depths:3)
  A curse toe (Zot:3)
  A Killer Klown (Zot:5)
  3 caustic shrikes (Depths:3)
  11 golden dragons
  Nikola (Snake:4)
  2 bone dragons (Depths:2)
  4 Brimstone Fiends
  A Tzitzimitl (D:4)
  2 doom hounds (Depths:3)
  An electric golem (Zot:5)
  A hellephant (Depths:2)
  14 tentacled monstrosities
  25 Orb Guardians
  A walking crystal tome (Depths:3)
  Asterion (Snake:2)
  4 liches
  4 titans
  Grunn (Depths:3)
  2 deep elf master archers (Elf:3)
  3 deep elf blademasters
  5 quicksilver dragons
  6 death cobs
  7 sphinxes
  3 Executioners (Zot:3)
  6 tengu reavers
  Agnes (Snake:3)
  11 shadow dragons
  18 storm dragons
  Kirke (D:14)
  3 nagarajas (Snake:4)
  Aizul (Snake:1)
  10 protean progenitors
  Roxanne (D:15)
  12 vault wardens
  Louise (Shoals:4)
  8 draconian monks
  7 draconian shifters
  8 fire giants
  12 draconian knights
  5 ghost moths
  4 deep elf sorcerers
  6 frost giants
  4 iron dragons (Depths:3)
  7 draconian scorchers
  4 deep elf elementalists (Elf:3)
  6 orc warlords
  3 draconian stormcallers
  A ghoul (Vaults:2)
  5 balrugs
  2 cacodemons
  A reaper (Depths:3)
  14 draconian annihilators
  18 ironbound preservers
  5 spriggan defenders (Depths:3)
  24 very ugly things
  2 broodmothers (Zot:2)
  12 stone giants
  5 formless jellyfish
  15 green draconians
  3 elemental wellsprings (Shoals:3)
  12 deep elf demonologists
  3 vampire knights (Depths:3)
  5 purple draconians
  2 deep elf death magi (Elf:3)
  8 ironbound thunderhulks
  2 war gargoyles
  6 deep elf annihilators
  4 yellow draconians
  19 dire elephants
  11 white draconians
  8 black draconians
  Azrael (D:15)
  16 red draconians
  A minotaur (Gauntlet)
  2 spark wasps (Zot:1)
  3 jiangshi (Crypt:1)
  2 green deaths
  11 merfolk impalers
  6 blizzard demons
  4 merfolk javelineers
  11 fire dragons
  14 yaktaur captains
  An entropy weaver (shapeshifter) (D:14)
  Josephine (Lair:4)
  3 salamander tyrants
  Harold (D:12)
  16 ettins
  7 deep elf high priests
  5 hydras
  Fannar (Orc:1)
  7 ice dragons
  3 great orbs of eyes
  4 entropy weavers
  2 rakshasas (Depths:1)
  5 ogre magi
  33 vault guards
  11 spriggan air magi
  A peacekeeper (Vaults:4)
  4 merfolk avatars
  A spriggan skeleton (Depths:2)
  6 ironbound frosthearts
  11 centaur warriors
  27 dancing weapons
  3 satyrs
  11 anacondas
  4 boulder beetles
  9 merfolk aquamancers
  14 two-headed ogres
  3 alligator snapping turtles
  4 tengu warriors
  5 deep troll shamans
  7 hell hogs (Depths:2)
  9 death yaks
  4 orc high priests
  2 vampire magi
  10 naga warriors
  16 deep troll earth magi
  8 shock serpents
  Urug (D:12)
  10 naga sharpshooters
  A shock serpent (shapeshifter) (Depths:3)
  A sun demon (D:15)
  15 hell knights
  Sonja (D:13)
  7 spriggan berserkers
  A wretched star (Abyss:3)
  18 deep elf knights
  12 iron trolls
  6 salamander mystics
  2 sixfirhies (Gauntlet)
  2 goliath frogs (Zot:2)
  3 spectral anacondas
  2 flayed ghosts (Depths:3)
  4 skysharks
  A sea snake (shapeshifter) (Depths:4)
  5 deep elf archers
  2 glowing orange brains
  A golden dragon zombie (Depths:2)
  14 sea snakes
  A death drake (shapeshifter) (Vaults:4)
  68 deep trolls
  10 mana vipers
  An orb spider (shapeshifter) (Depths:1)
  9 arcanists
  A shadow dragon zombie (Vaults:5)
  6 phantasmal warriors
  10 naga ritualists
  20 ironbound convokers
  14 harpies
  5 lindwurms
  2 obsidian statues
  3 anaconda skeletons (Snake:2)
  17 orc knights
  13 necromancers
  24 deep elf pyromancers
  4 oklob plants (Lair:3)
  32 deep elf zephyrmancers
  5 thermic dynamos
  14 manticores
  18 salamanders
  4 orc sorcerers
  31 cyclopes
  34 moths of wrath
  2 wolf spiders (Zot:1)
  3 fauns
  50 ugly things
  A fire giant zombie (Depths:1)
  A large abomination (Abyss:3)
  A moth of wrath (shapeshifter) (Elf:2)
  10 merfolk sirens
  40 black mambas
  18 elephants
  2 kobold blastminers (Orc:1)
  A dire elephant zombie (Lair:5)
  Maggie (Lair:2)
  4 guardian serpents
  7 water nymphs
  9 naga magi
  5 gargoyles
  18 vault sentinels
  A yaktaur zombie (Vaults:5)
  15 cane toads
  5 smoke demons
  An elf zombie (Vaults:5)
  2 orange demons
  A spriggan zombie (Depths:1)
  4 eyes of devastation
  An unseen horror (D:10)
  A spectral sea snake (Snake:2)
  A rime drake (Lair:2)
  A yaktaur (shapeshifter) (Vaults:3)
  A freezing wraith (Vaults:4)
  A redback zombie (Crypt:1)
  2 efreet
  12 komodo dragons
  A tormentor (Depths:2)
  A spectral naga (Snake:2)
  A pale draconian skeleton (Crypt:1)
  2 sea snake skeletons (Snake:2)
  An ancient zyme (Abyss:3)
  23 yaktaurs
  4 anaconda simulacra (Snake:2)
  A minotaur zombie (Gauntlet)
  A yaktaur skeleton (Vaults:5)
  A queen bee (Lair:1)
  6 trolls
  8 tengu conjurers
  26 merfolk
  A merfolk (shapeshifter) (Vaults:5)
  A spectral guardian serpent (Snake:2)
  11 wind drakes
  6 hornets
  3 glass eyes
  2 polar bears
  8 dream sheep (Shoals:2)
  A wind drake (shapeshifter) (Vaults:5)
  12 snapping turtles
  A stone giant simulacrum (Depths:1)
  20 slime creatures
  3 air elementals
  A ynoxinul (Abyss:3)
  A culicivora (Vaults:2)
  A shadow (D:10)
  7 spriggans
  20 water elementals
  4 wraiths
  A vampire (D:12)
  A wyvern (D:10)
  A dire elephant simulacrum (Lair:5)
  11 basilisks
  74 yaks
  A warg (Orc:2)
  3 fire elementals
  6 hogs (D:14)
  A hog (shapeshifter) (D:15)
  5 redbacks
  2 death yak simulacra (Lair:5)
  2 vampire mosquitoes
  2 spectral cane toads (Lair:5)
  43 nagas
  A glowing shapeshifter zombie (Depths:2)
  An acid dragon (D:11)
  9 hell hounds
  15 water moccasins
  2 naga skeletons (Snake:2)
  2 ice beasts
  30 orc warriors
  16 ogres
  3 boggarts (Vaults:3)
  2 laughing skulls (D:13)
  6 black bears
  19 wolves
  2 elephant zombies (Lair:5)
  A phantom (D:5)
  19 centaurs
  13 bullfrogs
  2 gnoll sergeants (D:11)
  2 kobold brigands (D:8)
  3 earth elementals
  A vine stalker zombie (Crypt:1)
  A glowing shapeshifter simulacrum (Depths:1)
  3 naga simulacra (Snake:2)
  A cane toad simulacrum (Lair:5)
  2 scorpions
  16 wights
  29 killer bees
  3 elephant simulacra (Lair:5)
  A howler monkey (D:7)
  An electric eel (Lair:4)
  A lava snake (D:13)
  3 bombardier beetles
  11 orc priests
  3 hounds (D:6)
  2 jellies
  4 iguanas
  21 orc wizards
  3 troll simulacra (D:11)
  3 spriggan simulacra
  A hound zombie (D:3)
  4 adders
  18 gnolls
  2 white imps (D:5)
  An adder zombie (D:3)
  A dart slug (D:2)
  3 ribbon worms (D:2)
  60 orcs
  6 ball pythons
  2 bats (D:3)
  2 endoplasms
  2 giant cockroaches
  13 goblins
  6 hobgoblins
  2 jackals (D:2)
  17 kobolds
  2 quokkas
  5 frilled lizards
  2 rats
  2 aspiring fleshes
  A lurking horror (Abyss:3)
2194 creatures vanquished.

Vanquished Creatures (collateral kills)
  An orb of fire (Zot:5)
  2 caustic shrikes (Depths:3)
  A golden dragon (Depths:3)
  A tentacled monstrosity (Depths:3)
  A lich (Depths:3)
  A sphinx (Depths:3)
  A shadow dragon (Zot:5)
  A protean progenitor (Zot:5)
  A draconian annihilator (Zot:1)
  An ice dragon (Depths:3)
  2 satyrs (Zot:5)
  A spriggan (Depths:3)
  A fire crab (Gauntlet)
  A hornet (Depths:3)
  A glass eye (Depths:3)
  3 fire bats (Gauntlet)
20 creatures vanquished.

Vanquished Creatures (others)
  A shadow dragon (Vaults:5)
  A draconian knight (Zot:4)
  A very ugly thing (Vaults:5)
  2 nagas
5 creatures vanquished.

Grand Total: 2219 creatures vanquished

Notes
Turn   | Place    | Note
-------+----------+-------------------------------------------
     0 | D:1      | icebreaker629 the Gargoyle Fighter began the quest for the
                  | Orb.
     0 | D:1      | Reached XP level 1. HP: 14/14 MP: 1/1
   455 | D:1      | Reached XP level 2. HP: 19/19 MP: 2/2
   728 | D:2      | Reached XP level 3. HP: 23/23 MP: 3/3
  1285 | D:2      | Reached XP level 4. HP: 29/29 MP: 4/4
  1490 | D:2      | Identified the +1 ring mail "Dofileck" {^Contam rC++ Regen+
                  | Slay+3}
  1897 | D:2      | Reached skill level 4 in Fighting
  2264 | D:3      | Reached XP level 5. HP: 33/33 MP: 5/5
  2604 | D:3      | Found a runed translucent gate.
  2604 | D:3      | Found a runed translucent gate.
  2604 | D:3      | Found a runed translucent gate.
  2604 | D:3      | Noticed GreedOfGod's ghost (amateur DsBe)
  2606 | D:3      | Found a basalt altar of Yredelemnul.
  3368 | D:4      | Found a staircase to the Ecumenical Temple.
  3381 | Temple   | Entered the Ecumenical Temple
  3420 | Temple   | Became a worshipper of Trog the Wrathful
  3496 | D:5      | Entered Level 5 of the Dungeon
  3535 | D:5      | Reached XP level 6. HP: 39/39 MP: 6/6
  4018 | D:4      | Reached XP level 7. HP: 44/44 MP: 7/7
  4029 | D:4      | Identified a scroll of acquirement
  4029 | D:4      | Acquired the +9 morningstar of Ruination {holy, SInv}
  4121 | D:5      | Reached * piety under Trog
  4126 | D:5      | Reached skill level 5 in Fighting
  4126 | D:5      | Reached skill level 5 in Armour
  4126 | D:5      | Reached skill level 5 in Shields
  4272 | D:5      | Reached skill level 5 in Maces & Flails
  4375 | D:5      | Acquired the +10 eveningstar "Ultimatum" {flame, Will+
                  | Str+4}
  4390 | D:5      | Found an opulent altar of Gozag.
  4468 | D:5      | Found a white marble altar of Elyvilon.
  4468 | D:5      | Found a glowing golden altar of the Shining One.
  4468 | D:5      | Found a glowing silver altar of Zin.
  4614 | D:5      | Reached XP level 8. HP: 50/50 MP: 8/8
  5021 | D:6      | Reached skill level 6 in Fighting
  5283 | D:6      | Reached ** piety under Trog
  5620 | D:5      | Reached XP level 9. HP: 43/56 MP: 9/9
  5864 | D:7      | Noticed a gargoyle
  6034 | D:7      | Reached skill level 7 in Fighting
  6058 | D:7      | Found a radiant altar of Vehumet.
  6079 | D:8      | Found Axynn's Overcharged Wands.
  6136 | D:7      | Killed a gargoyle
  6718 | D:8      | Found a burning altar of Makhleb.
  6725 | D:8      | Identified the +1 whip of the Heavens {flame, Will+ rCorr
                  | MP+9 Dex+4}
  6726 | D:8      | Noticed a two-headed ogre
  6742 | D:8      | Killed a two-headed ogre
  6743 | D:8      | Reached skill level 8 in Fighting
  6743 | D:8      | Reached XP level 10. HP: 57/64 MP: 10/10
  6836 | D:8      | Reached skill level 10 in Maces & Flails
  7053 | D:9      | Reached *** piety under Trog
  7191 | D:8      | Reached skill level 9 in Fighting
  7663 | D:9      | Found a snail-covered altar of Cheibriados.
  7719 | D:10     | Entered Level 10 of the Dungeon
  7778 | D:10     | Noticed a gargoyle
  7783 | D:10     | Killed a gargoyle
  7857 | D:10     | Killed an unseen horror
  7858 | D:10     | Reached XP level 11. HP: 60/71 MP: 11/11
  8014 | D:10     | You fall into a shaft and drop 1 floor!
  8142 | D:10     | Found a flagged portal.
  8153 | Bailey   | Entered a bailey
  8171 | Bailey   | Noticed an orc warlord
  8195 | Bailey   | Reached **** piety under Trog
  8222 | Bailey   | Found a runed translucent gate.
  8223 | Bailey   | Found a runed translucent gate.
  8228 | Bailey   | Found a runed translucent gate.
  8326 | Bailey   | Killed an orc warlord
  8327 | Bailey   | Reached skill level 10 in Fighting
  8327 | Bailey   | Reached skill level 10 in Armour
  8388 | Bailey   | Reached XP level 12. HP: 79/79 MP: 12/12
  8482 | D:11     | Reached skill level 11 in Fighting
  8523 | D:11     | Noticed a two-headed ogre
  8529 | D:11     | Killed a two-headed ogre
  8570 | D:11     | Identified the +0 robe "Fuigog" {-Tele rC+ Dex+3 Stlth+}
  8697 | D:11     | Reached ***** piety under Trog
  8795 | D:9      | Identified the +1 ring mail "Oppuapez" {rN+ Slay+3}
  8935 | D:9      | Found a broken altar of Ashenzari.
  9016 | D:9      | Found a shadowy altar of Dithmenos.
  9386 | D:10     | Found a staircase to the Lair.
  9434 | D:10     | Noticed a two-headed ogre
  9434 | D:10     | Noticed a two-headed ogre
  9459 | D:10     | Killed a two-headed ogre
  9462 | D:10     | Killed a two-headed ogre
  9463 | D:10     | Reached XP level 13. HP: 83/85 MP: 13/13
  9485 | D:10     | Found the +8 pair of quick blades "Gyre" and "Gimble"
                  | {protect}
  9542 | Lair:1   | Entered Level 1 of the Lair of Beasts
  9960 | D:12     | Found Boil's Antique Weapon Shop.
 10274 | D:12     | Reached skill level 12 in Fighting
 10411 | D:12     | Found a staircase to the Orcish Mines.
 10676 | D:12     | Reached skill level 15 in Maces & Flails
 11033 | Lair:2   | Noticed Maggie
 11055 | Lair:2   | Killed Maggie
 11433 | Lair:1   | Received a gift from Trog
 12239 | Lair:2   | Reached skill level 13 in Fighting
 12243 | Lair:2   | Gained mutation: Your large and strong wings let you fly.
                  | [Gargoyle growth]
 12243 | Lair:2   | Reached XP level 14. HP: 94/94 MP: 14/14
 12345 | Lair:2   | Found a staircase to the Shoals.
 12417 | Lair:2   | Identified the +1 orcbow of Elooplui {drain, Int+7 Dex+3
                  | Stlth+}
 12937 | Lair:3   | Found a staircase to the Snake Pit.
 13063 | Lair:3   | Noticed a dire elephant
 13092 | Lair:3   | Killed a dire elephant
 13218 | Lair:3   | Gained mutation: Your spells are a little harder to cast,
                  | but a little more powerful. [mutagenic glow]
 13660 | Lair:5   | Entered Level 5 of the Lair of Beasts
 13701 | Lair:5   | Found a gate leading to a gauntlet.
 13717 | Lair:5   | Reached skill level 14 in Fighting
 13769 | Gauntlet | Entered a Gauntlet
 13769 | Gauntlet | Found a transporter.
 13769 | Gauntlet | Found a transporter.
 13769 | Gauntlet | Found a transporter.
 13789 | Gauntlet | Found a transporter.
 13799 | Gauntlet | Found a transporter.
 13823 | Gauntlet | Found a transporter.
 13828 | Gauntlet | Found a transporter.
 13834 | Gauntlet | Found a transporter.
 13852 | Gauntlet | Found a transporter.
 13860 | Gauntlet | Found a transporter.
 13878 | Gauntlet | Found a transporter.
 13923 | Gauntlet | Found the amulet of Vitality {Regen++ RegenMP++}
 13924 | Gauntlet | Found a transporter.
 14038 | Gauntlet | Identified the +0 cloak of Adeneps {rElec rN+}
 14067 | Gauntlet | Identified the +10 quarterstaff "Xagrug" {freeze, Str+3
                  | Int+4}
 14085 | Gauntlet | Identified the +4 demon whip of Wariness {elec, rPois rC+
                  | SInv}
 14085 | Gauntlet | Identified the +3 trident "Cozeto" {freeze, rN++ rCorr
                  | Stlth+}
 14250 | Lair:4   | Received a gift from Trog
 14251 | Lair:4   | Reached skill level 10 in Shields
 14332 | Lair:4   | Noticed Josephine
 14353 | Lair:4   | Killed Josephine
 14354 | Lair:4   | Reached XP level 15. HP: 92/101 MP: 15/15
 14485 | Lair:4   | Acquired a manual of Stealth
 14596 | Lair:4   | Reached skill level 15 in Fighting
 14790 | Lair:4   | Reached skill level 1 in Stealth
 14807 | Lair:4   | Found a staircase to the Slime Pits.
 14953 | Lair:5   | Reached skill level 15 in Armour
 16363 | D:13     | Reached skill level 5 in Stealth
 16474 | D:13     | Reached ****** piety under Trog
 16497 | D:13     | Noticed a fire giant
 16528 | D:13     | Killed a fire giant
 16565 | D:13     | Reached skill level 16 in Fighting
 16585 | D:13     | Identified the +5 great mace of the Eternal Warrior
                  | {freeze, Str+5}
 16590 | D:13     | Identified the +4 shortbow of Conscience {freeze, rElec
                  | Str+4}
 16597 | D:13     | Identified the +2 halberd "Hibemuf" {antimagic, rC+ Int+3}
 16771 | D:13     | Noticed Sonja
 16786 | D:13     | Killed Sonja
 17535 | D:14     | Found a gate to the Vaults.
 17543 | D:14     | Received a gift from Trog
 17669 | D:14     | Reached XP level 16. HP: 111/111 MP: 16/16
 18178 | D:15     | Entered Level 15 of the Dungeon
 18343 | D:15     | Noticed Azrael
 18424 | D:15     | Killed Azrael
 18583 | D:15     | Found a shadowy altar of Dithmenos.
 18641 | D:15     | Reached skill level 17 in Fighting
 18788 | D:15     | Received a gift from Trog
 18960 | D:15     | Noticed Kirke
 18976 | D:14     | Killed Kirke
 18977 | D:14     | Reached skill level 10 in Stealth
 19006 | D:15     | Paralysed by something for 2 turns
 19173 | D:15     | Noticed Roxanne
 19193 | D:15     | Killed Roxanne
 19287 | D:15     | Found a staircase to the Depths.
 19967 | Orc:1    | Entered Level 1 of the Orcish Mines
 19967 | Orc:1    | Noticed Harold
 19967 | Orc:1    | Found Voliocus's Book Boutique.
 19976 | D:12     | Killed Harold
 20025 | Orc:1    | Noticed Urug
 20056 | D:12     | Killed Urug
 20276 | Orc:2    | Entered Level 2 of the Orcish Mines
 20438 | Orc:2    | Found Bokkael's Antique Weapon Boutique.
 20457 | Orc:2    | Found Zeila's General Store.
 20476 | Orc:2    | Bought a potion of mutation for 136 gold pieces
 20476 | Orc:2    | Bought a scroll of enchant armour for 127 gold pieces
 20480 | Orc:2    | Found a roughly hewn altar of Beogh.
 20517 | Orc:1    | Noticed Fannar
 20525 | Orc:1    | Killed Fannar
 20651 | Orc:2    | Found Kidep's Antique Armour Boutique.
 20663 | Orc:2    | Bought a faintly humming plate armour for 980 gold pieces
 20663 | Orc:2    | Identified the +7 plate armour "Bety" {Str+3 SInv} (You
                  | bought it in a shop on level 2 of the Orcish Mines)
 20709 | Orc:2    | Received a gift from Trog
 20732 | Orc:2    | Found a staircase to the Elven Halls.
 20871 | Orc:2    | Found Zola's Jewellery Boutique.
 20925 | Orc:2    | Reached skill level 18 in Fighting
 20941 | Orc:2    | Bought the ring "Kystrol" {rF+ Will+ Int+2} for 668 gold
                  | pieces
 21493 | Shoals:1 | Entered Level 1 of the Shoals
 21591 | Shoals:1 | Reached XP level 17. HP: 109/119 MP: 17/17
 21932 | Abyss:3  | Found a corrupted altar of Lugonu.
 21932 | Abyss:3  | Cast into level 3 of the Abyss (merfolk impaler)
 21934 | Abyss:3  | Found a corrupted altar of Lugonu.
 21973 | Abyss:3  | Found a corrupted altar of Lugonu.
 22015 | Abyss:3  | Noticed a Hell Sentinel
 22017 | Abyss:3  | Noticed a profane servitor
 22090 | Abyss:3  | Found a corrupted altar of Lugonu.
 22181 | Abyss:3  | Noticed a Hell Sentinel
 22231 | Shoals:1 | Escaped the Abyss
 22436 | Shoals:3 | Received a gift from Trog
 22747 | Shoals:2 | Reached skill level 19 in Fighting
 23624 | Shoals:3 | Received a gift from Trog
 23715 | Shoals:3 | Found Toza's General Store.
 24043 | Shoals:3 | Identified the +6 flail "Zoirorphubi" {flame, rPois Will+}
 24449 | Shoals:4 | Entered Level 4 of the Shoals
 24559 | Shoals:4 | Reached XP level 18. HP: 121/128 MP: 18/18
 24795 | Shoals:4 | Identified the ring "Recle Zosm" {Str+3 Dex+3 Slay+4
                  | Stlth+}
 24883 | Shoals:4 | Received a gift from Trog
 24910 | Shoals:4 | Reached skill level 15 in Stealth
 24933 | Shoals:4 | Got a barnacled rune of Zot
 25066 | Shoals:4 | Noticed Louise
 25096 | Shoals:4 | Killed Louise
 25157 | Shoals:4 | Identified the +1 buckler "Leasteamiy" {Int+2}
 25370 | Shoals:4 | Reached skill level 20 in Fighting
 25854 | Vaults:1 | Entered Level 1 of the Vaults
 26452 | Vaults:1 | Reached skill level 1 in Throwing
 26535 | Vaults:1 | Received a gift from Trog
 26707 | Vaults:1 | You are sucked into a shaft and drop 1 floor!
 26771 | Vaults:2 | Found Neudifar's Distillery.
 26776 | Vaults:2 | Bought a potion of might for 68 gold pieces
 26776 | Vaults:2 | Bought a potion of might for 68 gold pieces
 27033 | Vaults:1 | Reached skill level 15 in Shields
 27205 | Vaults:1 | Identified the +2 war axe of Vanuol {heavy, rC+}
 27488 | Vaults:2 | Reached XP level 19. HP: 136/136 MP: 19/19
 27687 | Vaults:2 | Identified the +4 robe of Hoyvext {Rampage rC- Regen+}
 27687 | Vaults:2 | Noticed Boris
 27699 | Vaults:2 | Killed Boris
 27699 | Vaults:2 | Received a gift from Trog
 28775 | Vaults:2 | Found a staircase to the Crypt.
 29000 | Crypt:1  | Entered Level 1 of the Crypt
 29176 | Vaults:3 | Reached skill level 5 in Throwing
 29198 | Vaults:3 | Received a gift from Trog
 29199 | Vaults:3 | Reached skill level 21 in Fighting
 29735 | Vaults:3 | Received a gift from Trog
 29749 | Vaults:3 | Reached XP level 20. HP: 144/144 MP: 20/20
 30936 | Vaults:4 | Received a gift from Trog
 31189 | Vaults:4 | Found a white marble altar of Elyvilon.
 32029 | Depths:1 | Entered Level 1 of the Depths
 32104 | Depths:1 | Found a gateway to Hell.
 32452 | Depths:1 | Reached skill level 22 in Fighting
 32526 | Depths:1 | Found Myulom's Antique Armour Shop.
 32536 | Depths:1 | Bought a jewelled cloak for 399 gold pieces
 32536 | Depths:1 | Identified the +0 cloak "Edakhuc" {*Slow rElec rN+ Dex+2}
                  | (You bought it in a shop on level 1 of the Depths)
 32575 | Depths:1 | Found an ornate altar of the Wu Jian Council.
 32684 | Depths:1 | Found a blossoming altar of Fedhas.
 32915 | Depths:1 | Received a gift from Trog
 33004 | Depths:1 | Reached XP level 21. HP: 145/151 MP: 21/21
 33157 | Depths:2 | Found a burning altar of Makhleb.
 33429 | Depths:2 | Identified the +3 scale mail "Oxuc" {Int+2}
 33703 | Depths:1 | Bought a masterwork plate armour for 1176 gold pieces
 33703 | Depths:1 | Identified the +15 plate armour of Calculation {+Inv SInv}
                  | (You bought it in a shop on level 1 of the Depths)
 33962 | Depths:2 | Received a gift from Trog
 34125 | Depths:3 | Noticed Grunn
 34149 | Depths:3 | Noticed a bone dragon
 34152 | Depths:2 | Noticed a bone dragon
 34165 | Depths:2 | Killed a bone dragon
 34198 | Depths:2 | Killed a bone dragon
 34266 | Depths:3 | Killed Grunn
 34311 | Depths:2 | Found Hoaser's Antique Armour Shoppe.
 34360 | Depths:2 | Found a one-way gate leading to the halls of Pandemonium.
 34591 | Depths:2 | Found a one-way gateway to a ziggurat.
 35109 | Depths:4 | Entered Level 4 of the Depths
 35140 | Depths:3 | Received a gift from Trog
 35183 | Depths:3 | Found a one-way gate to the infinite horrors of the Abyss.
 35455 | Depths:3 | Reached XP level 22. HP: 154/158 MP: 22/22
 35518 | Depths:3 | You are sucked into a shaft and drop 1 floor!
 35570 | Depths:4 | Reached skill level 10 in Throwing
 35592 | Depths:4 | Found a gate to the Realm of Zot.
 35592 | Depths:4 | Noticed a golden dragon
 35609 | Depths:4 | Killed a golden dragon
 35896 | Depths:4 | Received a gift from Trog
 35940 | Depths:4 | Noticed a golden dragon
 35952 | Depths:4 | Killed a golden dragon
 36059 | Depths:4 | Reached skill level 23 in Fighting
 36666 | Depths:3 | Noticed a juggernaut
 36699 | Depths:3 | Killed a juggernaut
 37123 | Depths:3 | Identified the +3 robe of Ethics {rC+ Regen+ Str+3 Int-4}
 37123 | Depths:3 | Noticed Boris
 37133 | Depths:3 | HP: 2/160 [Boris/bolt of cold (73)]
 37244 | Depths:3 | Identified the +0 robe of the Pleiades {rPois}
 37779 | Lair:3   | Acquired the +1 pair of gloves "Vonippur" {rN+ Regen+}
 38065 | Lair:3   | Identified the +0 robe "Yckamig" {rPois Dex+3 Slay+3}
 38524 | Depths:3 | Killed Boris
 38547 | Depths:3 | Noticed a caustic shrike
 38548 | Depths:3 | Noticed a caustic shrike
 38554 | Depths:3 | Noticed a caustic shrike
 38558 | Depths:3 | Noticed a caustic shrike
 38562 | Depths:3 | Noticed a caustic shrike
 38565 | Depths:3 | Killed a caustic shrike
 38572 | Depths:3 | Killed a caustic shrike
 38572 | Depths:3 | Received a gift from Trog
 38578 | Depths:3 | Noticed a golden dragon
 38586 | Depths:3 | Killed a caustic shrike
 38592 | Depths:3 | Killed a caustic shrike
 38596 | Depths:3 | Killed a caustic shrike
 38597 | Depths:3 | Reached XP level 23. HP: 117/165 MP: 23/23
 38601 | Depths:3 | Killed a golden dragon
 38724 | Depths:3 | Identified the +4 chain mail of Yesterday {Harm rPois}
 39305 | Vaults:5 | Entered Level 5 of the Vaults
 39502 | Vaults:5 | Received a gift from Trog
 39559 | Vaults:5 | Identified the +9 falchion of Okawaru's Grace {protect,
                  | +Blink rN+ Dex+2 Stlth+}
 39617 | Vaults:5 | Identified the ring of Tungapn {+Blink rF- MP-9 Int+6
                  | Dex+7}
 39987 | Vaults:5 | Noticed Sojobo
 39990 | Vaults:5 | Paralysed by an air elemental for 1 turns
 39991 | Vaults:5 | Noticed an ancient lich
 39996 | Vaults:5 | Paralysed by an air elemental for 1 turns
 40002 | Vaults:5 | Paralysed by an air elemental for 1 turns
 40011 | Vaults:5 | Paralysed by an air elemental for 1 turns
 40017 | Vaults:5 | Paralysed by an air elemental for 1 turns
 40026 | Vaults:5 | Paralysed by an air elemental for 1 turns
 40032 | Vaults:5 | Killed an ancient lich
 40038 | Vaults:5 | Paralysed by an air elemental for 1 turns
 40046 | Vaults:5 | Paralysed by an air elemental for 1 turns
 40053 | Vaults:5 | Paralysed by an air elemental for 1 turns
 40072 | Vaults:5 | Noticed a golden dragon
 40080 | Vaults:5 | Killed Sojobo
 40080 | Vaults:5 | Received a gift from Trog
 40087 | Vaults:5 | Reached skill level 24 in Fighting
 40090 | Vaults:5 | Noticed a dread lich
 40093 | Vaults:5 | Identified the +6 troll leather armour "Gygreela" {rPois
                  | Regen+}
 40093 | Vaults:5 | Identified the amulet "Ivvi" {Fly rElec rPois Regen+
                  | Stlth+}
 40099 | Vaults:5 | Killed a dread lich
 40106 | Vaults:5 | Noticed a golden dragon
 40107 | Vaults:5 | Reached XP level 24. HP: 118/173 MP: 23/23
 40419 | Vaults:5 | Received a gift from Trog
 40591 | Vaults:5 | Got a silver rune of Zot
 40940 | Vaults:5 | Identified the staff of the Immovable Quests {Int+2 Dex+3
                  | Earth}
 41537 | Depths:2 | Bought a pair of heavily runed boots for 380 gold pieces
 41537 | Depths:2 | Identified the +0 pair of boots "Nuju" {rPois rC- rCorr
                  | Int+4} (You bought it in a shop on level 2 of the Depths)
 41540 | Depths:2 | Bought a pair of masterwork boots for 380 gold pieces
 41540 | Depths:2 | Identified the +0 pair of boots of Knowledge {Str+4} (You
                  | bought it in a shop on level 2 of the Depths)
 41769 | Elf:1    | Entered Level 1 of the Elven Halls
 41820 | Elf:1    | Identified the scarf "Qasovaeh" {harm, rElec rF+}
 41895 | Elf:1    | Found Otuydim's Weapon Emporium.
 42425 | Elf:1    | Identified the +2 cloak of Indemnity {rElec rN+ Will+
                  | Str-4}
 42617 | Elf:2    | Noticed Saint Roka
 42631 | Elf:2    | Identified the +2 mace "Uleph" {heavy, *Rage rCorr Dex+8}
                  | (Trog gifted it to you on level 2 of the Elven Halls)
 42631 | Elf:2    | Received a gift from Trog
 42695 | Elf:2    | Killed Saint Roka
 43152 | Elf:2    | Found a runed translucent gate.
 43154 | Elf:2    | Found a runed translucent gate.
 43154 | Elf:2    | Found a runed translucent gate.
 43514 | Elf:2    | Found Ytaod's Assorted Antiques.
 43694 | Elf:2    | Identified the +7 short sword of Disgust {flame, Dex+4}
                  | (Trog gifted it to you on level 2 of the Elven Halls)
 43694 | Elf:2    | Received a gift from Trog
 43988 | Elf:3    | Entered Level 3 of the Elven Halls
 44164 | Elf:3    | Found Reegg's Book Boutique.
 44234 | Elf:3    | Found Ekaurgh's Self-Improvement Boutique.
 44411 | Elf:3    | Found the +7 lajatang of Order {silver, rMut}
 44587 | Elf:3    | Reached XP level 25. HP: 180/180 MP: 23/23
 44607 | Elf:3    | Received a gift from Trog
 44673 | Elf:3    | Identified the ring "Leomompa" {*Slow rElec rPois Int+6
                  | Dex+2}
 44880 | Elf:3    | Identified the +6 mace "Gargoyle's Regret" {heavy, *Noise
                  | rC++ Int+4}
 44906 | Elf:3    | Identified the +1 leather armour of the Bull {Regen+ Int+6}
 44929 | Elf:3    | Identified the staff "Narinapp" {rPois rC+ Int+6 Ice}
 44992 | Elf:3    | Identified the +5 demon blade of Success {flame, Fly rC+}
 45067 | Elf:3    | Identified the staff of the Jumping Jester {rElec rC++ rN+
                  | Int+2 Dex-2 Air}
 45071 | Elf:3    | Identified the +2 helmet "Liocen" {Will+ Str+3}
 46011 | Snake:1  | Entered Level 1 of the Snake Pit
 46068 | Snake:1  | Found Oduodaoh's Magic Scroll Emporium.
 46095 | Snake:1  | Bought a scroll of enchant armour for 90 gold pieces
 46095 | Snake:1  | Bought a scroll of blinking for 90 gold pieces
 46095 | Snake:1  | Bought a scroll of blinking for 90 gold pieces
 46131 | Snake:1  | Identified the serpent talisman of Zomeseig {Will+ Int-5
                  | Stlth+}
 46131 | Snake:1  | Noticed Aizul
 46143 | Snake:1  | Killed Aizul
 46238 | Snake:1  | Found Gihihema's Book Boutique.
 47079 | Snake:2  | Found Kisuog's Armour Shoppe.
 47225 | Snake:2  | Received a gift from Trog
 47531 | Snake:2  | Reached skill level 25 in Fighting
 47697 | Snake:2  | Noticed Asterion
 47703 | Snake:2  | Killed Asterion
 47739 | Snake:2  | Identified the +3 battleaxe "Roppues" {antimagic, ^Contam
                  | rN+ Will+++ Int+3}
 48487 | Snake:3  | Noticed Agnes
 48495 | Snake:3  | Killed Agnes
 48632 | Snake:3  | Found Doagou's Specific Store.
 48634 | Snake:3  | Found Vumnoras's General Store.
 48637 | Snake:3  | Bought a potion of haste for 180 gold pieces
 48637 | Snake:3  | Bought a scroll of enchant armour for 135 gold pieces
 48637 | Snake:3  | Bought a scroll of revelation for 135 gold pieces
 48650 | Snake:3  | Noticed Vashnia
 48670 | Snake:3  | Killed Vashnia
 48774 | Snake:3  | Noticed Bai Suzhen
 48791 | Snake:3  | Killed Bai Suzhen
 48924 | Snake:3  | Received a gift from Trog
 49290 | Snake:4  | Entered Level 4 of the Snake Pit
 49741 | Snake:4  | Found Yngith's Antique Weapon Shoppe.
 49853 | Snake:4  | Received a gift from Trog
 49888 | Snake:4  | Identified the +2 great sword "Demonslayer" {antimagic, rF+
                  | rN+ Int+3}
 49994 | Snake:4  | Got a serpentine rune of Zot
 50580 | Snake:4  | Noticed Nikola
 50599 | Snake:4  | Killed Nikola
 50600 | Snake:4  | Reached XP level 26. HP: 188/188 MP: 23/23
 51097 | Zot:1    | Entered Level 1 of the Realm of Zot
 51598 | Zot:1    | Received a gift from Trog
 51877 | Zot:1    | Noticed an orb of fire
 51895 | Zot:1    | Killed an orb of fire
 52051 | Zot:1    | Noticed an orb of fire
 52055 | Zot:1    | Gained mutation: Your body sometimes deteriorates upon
                  | taking damage. [an orb of fire]
 52057 | Zot:1    | Gained mutation: You are vulnerable to cold. (rC-) [an orb
                  | of fire]
 52060 | Zot:1    | Gained mutation: You occasionally shout uncontrollably at
                  | your foes. [an orb of fire]
 52070 | Zot:1    | Gained mutation: Armour fits poorly on your strangely
                  | shaped body. [an orb of fire]
 52073 | Zot:1    | Killed an orb of fire
 52074 | Zot:1    | Lost mutation: You occasionally shout uncontrollably at
                  | your foes. [potion of mutation]
 52074 | Zot:1    | Lost mutation: You are vulnerable to cold. (rC-) [potion of
                  | mutation]
 52074 | Zot:1    | Gained mutation: Your flesh is cold resistant. (rC+)
                  | [potion of mutation]
 52075 | Zot:1    | Lost mutation: Your spells are a little harder to cast, but
                  | a little more powerful. [potion of mutation]
 52075 | Zot:1    | Lost mutation: Your body sometimes deteriorates upon taking
                  | damage. [potion of mutation]
 52075 | Zot:1    | Gained mutation: You have hidden genetic potential. [potion
                  | of mutation]
 52075 | Zot:1    | Gained mutation: You are clumsy. (Dex -2) [potion of
                  | mutation]
 52075 | Zot:1    | Gained mutation: Your mind is acute. (Int +4, Str/Dex -1)
                  | [potion of mutation]
 52076 | Zot:1    | Lost mutation: Your mind is acute. (Int +4, Str/Dex -1)
                  | [potion of mutation]
 52076 | Zot:1    | Lost mutation: You are clumsy. (Dex -2) [potion of
                  | mutation]
 52076 | Zot:1    | Lost mutation: Armour fits poorly on your strangely shaped
                  | body. [potion of mutation]
 52076 | Zot:1    | Gained mutation: You are strong-willed. (Will+) [potion of
                  | mutation]
 52076 | Zot:1    | Gained mutation: You are robust. (+10% HP) [potion of
                  | mutation]
 52076 | Zot:1    | Gained mutation: You are partially covered in iridescent
                  | scales. (AC +2) [potion of mutation]
 52162 | Zot:1    | Identified the +5 orcbow of the Witching Hero {heavy, Str+6
                  | Stlth+}
 52163 | Zot:1    | Found a faded altar of an unknown god.
 52385 | Zot:1    | Reached skill level 15 in Throwing
 52848 | Zot:2    | Received a gift from Trog
 53106 | Zot:2    | Reached skill level 26 in Fighting
 53772 | Zot:3    | Reached XP level 27. HP: 215/215 MP: 23/23
 54378 | Zot:3    | Received a gift from Trog
 55283 | Zot:5    | Entered Level 5 of the Realm of Zot
 55559 | Zot:4    | Gained mutation: You possess an exceptional clarity of
                  | mind. [hidden potential]
 55854 | Zot:5    | Noticed an orb of fire
 55866 | Zot:5    | Killed an orb of fire
 55869 | Zot:5    | Received a gift from Trog
 56352 | Zot:5    | Noticed an ancient lich
 56352 | Zot:5    | Noticed an ancient lich
 56365 | Zot:5    | Noticed an orb of fire
 56401 | Zot:4    | Killed an ancient lich
 56471 | Zot:5    | Killed an ancient lich
 56604 | Zot:5    | Lost mutation: You possess an exceptional clarity of mind.
                  | [an orb of fire]
 56606 | Zot:5    | Lost mutation: You are robust. (+10% HP) [an orb of fire]
 56630 | Zot:5    | Killed an orb of fire
 56747 | Zot:5    | Noticed a dread lich
 56770 | Zot:5    | Killed a dread lich
 56791 | Zot:5    | Noticed an ancient lich
 56802 | Zot:5    | Killed an ancient lich
 57071 | Zot:5    | Noticed an orb of fire
 57072 | Zot:5    | Got the Orb of Zot
 57486 | D:13     | Noticed Kocec the pandemonium lord
 57497 | D:13     | Gained mutation: You occasionally lose the ability to read
                  | scrolls when taking damage. [a cacodemon]
 57589 | D:10     | Received a gift from Trog
 57590 | D:10     | Reached skill level 27 in Fighting
 57785 | D:2      | Noticed Dorunt the pandemonium lord
 57851 | D:$      | Escaped with the Orb!

Illustrated notes

Levels and vault maps discovered:
D:1:      psy_arrival_fountain, layout_rooms, minmay_3d_cube
D:2:      minmay_general_purpose_star, layout_loops_corners, minivault_11
D:3:      layout_basic, nicolae_yredelemnul_ghost_church, minmay_cupped
D:4:      layout_basic, minmay_temple_entry_mini_moons, corexii_checkpoint
D:5:      layout_rooms, dreamdust_divine_triumvirate,
          nicolae_gozag_cash_rules_everything_around_me
D:6:      layout_cave_pods
D:7:      layout_basic, vehumet_crystals, item_on_display_a
D:8:      black_bear_nest_2, layout_cave_pools, bloody_makhleb,
          nicolae_shop_overcharged_wands
D:9:      layout_irregular_city, slow_altar_1,
          mainiacjoe_overflow_surrounded_room, lemuel_doored_altar
D:10:     layout_grid_maze, due_lair_maze_entry_diamond, enter_bailey_3,
          hellmonk_guarded_unrand_gyre_and_gimble
D:11:     layout_roguey, portal_ice_cave_entry_ice_simulacra, minivault_27
D:12:     layout_big_octagon, david_orc_1_choice, serial_shops, shop
D:13:     giant_chief_lemuel, layout_cave_pods, serial_column_ruins,
          column_ruins_grid_3, column_ruins_corridor_straight,
          column_ruins_columns_corner, column_ruins_grid_4, column_ruins_grid_4,
          uniq_sonja
D:14:     layout_grid_maze, hellmonk_vaults_order_and_chaos
D:15:     hangedman_depths_entry_civil_slaughter, layout_long_grid,
          nicolae_dithmenos_shadow_blocks, uniq_roxanne, uniq_azrael, uniq_kirke
Temple:   minmay_temple_forest_path
Lair:1:   layout_roguey [special_room_bee]
Lair:2:   layout_regular_city, elwin_shoals_entry_stream,
          grunt_forest_large_clearings, uniq_maggie
Lair:3:   mu_elephants_graveyard, layout_gridlike, dummy_snake_entry,
          dpeg_oklob_1
Lair:4:   layout_gridlike, slime_entry_1, kennysheep_basilisk_garden,
          grunt_megastairs_3, uniq_josephine
Lair:5:   due_jungle_book, layout_gridlike, gauntlet_entry_generic
Shoals:1: layout_shoals, nicolae_shoals_water_elemental_grotto
Shoals:2: cheibrodos_shoals_epimethial_gifts, layout_shoals, st_sunken_huts
Shoals:3: layout_shoals, serial_shops, shop, nicolae_shoals_spring_well_temple
Shoals:4: shoals_end_grunt_ice, layout_shoals, uniq_louise
Snake:1:  layout_chambers, serial_shops, shop_statue, shop, uniq_aizul
Snake:2:  layout_layer_cave, serial_shops, nicolae_take_the_stairs,
          nicolae_snake_gridmaze_zigzag, drop_trap,
          nicolae_snake_the_dead_are_slithering, uniq_asterion
Snake:3:  layout_cave_town, nicolae_snake_gridmaze_tees, nicolae_specific_store,
          nicolae_snake_guarding_the_ruins, grunt_megastairs_4,
          lemuel_fruit_tree, uniq_vashnia, uniq_bai_suzhen, uniq_agnes
Snake:4:  johnstein_snake_rune_scales, layout_chambers, serial_shops,
          nicolae_shop_crystal, nicolae_snake_single_loop,
          nicolae_fountain_basement, grunt_megastairs_5, uniq_nikola
Orc:1:    layout_diamond_mine, serial_shops, shop, uniq_harold, uniq_fannar,
          uniq_urug
Orc:2:    grunt_orc_gardens, layout_caves, grunt_orc_garden, grunt_orc_garden,
          grunt_orc_garden, grunt_orc_garden, basic_altar
Elf:1:    elf_arrival_002, layout_gridlike, serial_shops, shop,
          hangedman_elven_crosses_minicolossus
Elf:2:    nicolae_elf_blades_crystal_corner, layout_gridlike, serial_shops,
          nicolae_stop_n_shop_1, serial_sigils, serial_sigils_hangedman_shear,
          serial_sigils_hangedman_scratch, serial_sigils_hangedman_carve,
          serial_sigils_hangedman_gut, dreamdust_princess_corridor,
          uniq_saint_roka
Elf:3:    elf_hall, layout_geoelf_octagon, serial_shops,
          nicolae_shop_back_alley_shop, glass_columns_c, minivault_23,
          nicolae_shop_self_help
Vaults:1: grunt_vaults_focal, vaults_dpeg_hooks,
          nicolae_vaults_closet_pinwheel_3, v_misc_29, ontoclasm_vaults_bender,
          vaults_dpeg_diagonal, nicolae_vaults_closet_pinwheel_4, v_misc_25,
          ontoclasm_vaults_shuriken, nicolae_vaults_offset_grid_hallway_3,
          vaults_room_semicircle, nicolae_vaults_corridor_and_loot_room,
          nicolae_vaults_twisting_passages, nicolae_vaults_little_squares_3,
          hangedman_vaults_snaps, nicolae_vaults_wine_cellar,
          ontoclasm_vaults_ligature, layout_vaults_maze
Vaults:2: nicolae_vaults_doubleplus_tesselated, hangedman_vaults_hat,
          vaults_dpeg_emergency_exit, minmay_crypt_entry_simple_box,
          vaults_dpeg_doors, nicolae_vaults_two_Ls, v_misc_11, v_misc_19,
          layout_vaults_chaotic_city, serial_shops, nicolae_shop_hallway_plus,
          uniq_boris
Vaults:3: vaults_standard_mumra_enter_the_diamond,
          nicolae_vaults_offset_grid_hallway_3, v_misc_9, vaults_mumra_hex,
          nicolae_vaults_security_offices_6, nicolae_vaults_storage_closets_1,
          vaults_room_fancy_cross, minmay_orc_keep, grunt_vaults_hallway_short,
          nicolae_vaults_little_ls, layout_vaults_ring
Vaults:4: nicolae_vaults_tangram_2, lemuel_angel_altar, lightli_orcish_oven,
          v_pattern_3, v_misc_16, vaults_room_large_hall,
          vaults_mumra_minichess_inversion, nicolae_vaults_double_plus_1,
          ontoclasm_vaults_pinch, layout_vaults_omnigrid
Vaults:5: uniq_sojobo
Crypt:1:  cheibrodos_crypt_cold_storage, layout_misc_corridors
Depths:1: layout_cave_pools, serial_shops, nicolae_shop_window_shopping,
          nicolae_wu_jian_immortal_techniques, pf_hell_entry_great_geh,
          fedhas_altar_1
Depths:2: evilmike_makhleb_hellhole, layout_gridville, enter_ziggurat_c,
          serial_shops, nicolae_shop_tiny_real_fake_doors, grunt_hell_horde,
          rand_demon_pan_entry_4, minmay_staircase_windowed_small
Depths:3: grunt_runaround [grunt_runaround_loot, grunt_runaround_doors_1,
          grunt_runaround_doors_2, grunt_runaround_doors_3,
          grunt_runaround_doors_4], abyss_entry, pan_entry, hell_entry,
          uniq_grunn
Depths:4: grunt_crosshair, layout_honeycomb, hell_entry, minmay_misc_feat_alley,
          serial_bayou_shore_b, grunt_megastairs_2
Zot:1:    regret_index_infernal_bastille, layout_cathedral_of_symmetry,
          regret_index_zotdec_gossamer_parallel
Zot:2:    layout_concentric_octagons
Zot:3:    regret_index_zot_pan_timeshare, layout_onion_interference,
          regret_index_zotdec_glowing_original
Zot:4:    layout_gridlike, regret_index_zotdec_carving_tricks
Zot:5:    layout_misc_corridors

Skill      XL: |  1  2  3  4  5  6  7  8  9 10 11 12 13 14 15 16 17 18 19 20 21 22 23 24 25 26 27 |
---------------+----------------------------------------------------------------------------------+-----
Armour         | 4 5 6 8 9 10 11 13 14 15 16 17 18 19 20 21 22 23 24 25 | 25.4
Shields        | 4 5 6 7 10 11 13 14 15 16 17 18 19 20 22 23 24 25 | 25.2
Fighting       | 4 5 6 8 9 10 11 13 14 16 18 19 20 21 22 23 24 25 26 27 | 27.0
Maces & Flails | 3 4 5 7 9 11 13 14 16 17 18 19 20 21 22 | 22.0
Stealth        | 7 11 14 16 | 16.8
Throwing       | 3 6 8 9 11 12 13 14 15 16 | 16.7

Action                     |  1- 3 |  4- 6 |  7- 9 | 10-12 | 13-15 | 16-18 | 19-21 | 22-24 | 25-27 || total
---------------------------+-------+-------+-------+-------+-------+-------+-------+-------+-------++-------
  Melee: Flail             |    63 |   158 |       |       |       |       |       |       |       ||   221
         Morningstar       |       |       |    25 |       |       |     3 |       |       |       ||    28
         Eveningstar       |       |       |   102 |   251 |   897 |  1230 |  1455 |  1674 |  1970 ||  7579
         Demon whip        |       |       |       |       |       |       |       |    91 |   577 ||   668
  Throw: Stone             |     6 |       |       |       |       |       |       |       |       ||     6
         Dart              |     2 |     7 |     3 |     3 |     5 |       |       |       |       ||    20
         Javelin           |       |       |       |       |       |       |       |     8 |       ||     8
 Invoke: Berserk           |       |       |     1 |     2 |     4 |       |       |       |       ||     7
         Trog's Hand       |       |       |       |       |     5 |    11 |     9 |    28 |    20 ||    73
         Brothers in Arms  |       |       |       |       |     1 |       |       |     2 |     5 ||     8
  Evoke: Wand              |       |       |       |     1 |     8 |    10 |     3 |     6 |     2 ||    30
    Use: Scroll            |     4 |     9 |     5 |     8 |     6 |    17 |     7 |    15 |    17 ||    88
         Potion            |       |       |       |     1 |       |       |     2 |     4 |     7 ||    14
   Stab: Sleeping          |       |       |       |       |       |     4 |     5 |     1 |     2 ||    12
         Distracted        |       |       |       |       |       |       |     3 |       |     2 ||     5
         Paralysed         |       |       |       |       |       |       |       |     1 |       ||     1
 Armour: Scale mail        |    30 |     9 |       |       |       |       |       |       |       ||    39
         Ring mail         |       |   103 |   100 |   227 |   369 |       |       |       |       ||   799
         Plate armour      |       |       |       |       |   547 |  1405 |  1193 |  1626 |  1694 ||  6465
  Dodge: Dodged            |    17 |    60 |    66 |    93 |   334 |   404 |   277 |   325 |   340 ||  1916
  Block: Buckler           |    15 |    25 |    21 |    55 |   239 |   313 |       |       |       ||   668
         Tower shield      |       |       |       |       |       |   302 |  2058 |  2692 |  3267 ||  8319

Table legend: (Time is in decaauts)
 A = Elapsed time spent in this place.
 B = Non-inter-level travel time spent in this place.
 C = Inter-level travel time spent in this place.
 D = Time resting spent in this place.
 E = Time spent auto-exploring this place.
 F = Levels seen in this place.
 G = Mean time per level.
                   A        B        C        D        E       F      G
               +--------+--------+--------+--------+--------+-----+--------+
         Total |  55971 |  47437 |   8534 |   3122 |  10448 |  52 | 1076.4 |
       Dungeon |  16848 |  12849 |   3999 |    792 |   1634 |  15 | 1123.2 |
        Temple |     78 |      4 |     74 |      0 |      0 |   1 |   78.0 |
          Lair |   5222 |   4632 |    590 |    396 |   1096 |   5 | 1044.4 |
        Shoals |   3689 |   3446 |    243 |    161 |   1266 |   4 |  922.2 |
     Snake Pit |   4576 |   4304 |    272 |      0 |   3321 |   4 | 1144.0 |
  Orcish Mines |   1381 |   1128 |    253 |     49 |    274 |   2 |  690.5 |
   Elven Halls |   3279 |   2828 |    451 |    270 |    388 |   3 | 1093.0 |
        Vaults |   8165 |   7126 |   1039 |    398 |   1269 |   5 | 1633.0 |
         Crypt |     81 |     81 |      0 |      0 |      0 |   1 |   81.0 |
        Depths |   6067 |   4958 |   1109 |    553 |    660 |   4 | 1516.8 |
           Zot |   5689 |   5189 |    500 |    489 |    540 |   5 | 1137.8 |
         Abyss |    290 |    290 |      0 |      0 |      0 |   1 |  290.0 |
        Bailey |    245 |    245 |      0 |     13 |      0 |   1 |  245.0 |
      Gauntlet |    355 |    355 |      0 |      0 |      0 |   1 |  355.0 |
               +--------+--------+--------+--------+--------+-----+--------+

Top non-repeatable levels by time:
    D:13: 2023 daAuts
Depths:3: 1967 daAuts
Vaults:2: 1906 daAuts
   Zot:1: 1630 daAuts
    D:14: 1629 daAuts
Depths:2: 1629 daAuts
Vaults:5: 1601 daAuts
Vaults:3: 1577 daAuts
Vaults:4: 1557 daAuts
Vaults:1: 1523 daAuts
 Snake:2: 1321 daAuts
     D:3: 1321 daAuts
 Snake:4: 1292 daAuts
  Lair:3: 1280 daAuts
Depths:1: 1271 daAuts
